Map: Efflorescence LE

Players

Massa - Winner!

  • Race: Terran Terran
  • League: Platinum
  • Spawn Location: 6:00

qqq - Winner!

  • Race: Zerg Zerg
  • Spawn Location: 9:00

Maito

  • Race: Terran Terran
  • League: Diamond
  • Spawn Location: 12:00

kOrYsTaurius

  • Race: Zerg Zerg
  • Spawn Location: 3:00

VOD

Have the link to the VOD?

Description

Time

  • Played on: Feb. 20, 2021, 4:42 p.m.
  • Length: 18:19
Show
View Real Time Build Order
Export as new Build Order

Massa Terran - Winner!

Build Orders:  

Get SALT Encoding   

  12  0:04  SCV  
  13  0:16  SCV  
  13  0:20  Supply Depot  
  14  0:28  SCV  
  15  0:41  SCV  
  15  0:42  Barracks  
  16  0:53  Refinery  
  16  0:54  SCV  
  17  0:58  Supply Depot  
  17  1:06  SCV  
  18  1:14  Barracks  
  18  1:18  SCV  
  19  1:33  Orbital Command  
  19  1:37  Barracks Tech Lab  
  19  1:49  Barracks  
  19  1:55  Marine  
  19  1:59  SCV  
  21  2:02  Marine  
  22  2:09  Stimpack  
  22  2:13  Marine  
  23  2:20  Marine  
  24  2:22  Supply Depot  
  24  2:31  Marauder  
  24  2:35  Marine  
  27  2:38  Marine  
  27  2:43  SCV  
  29  2:53  Marauder, Marine  
  29  2:55  Marine  
  33  3:03  Supply Depot  
  33  3:11  Marine  
  34  3:13  Marine  
  34  3:14  Marauder  
  37  3:27  Supply Depot  
  37  3:29  Marine  
  37  3:31  Marine  
  39  3:35  Marauder  
  41  3:47  Marine  
  42  3:49  Marine  
  41  3:57  Marauder  
  39  4:06  Marine  
  39  4:07  Marine  
  41  4:10  Combat Shield  
  41  4:18  Marauder  
  43  4:24  Marine x2  
  39  4:39  Marauder  
  39  4:42  Marine  
  32  4:58  Bunker  
  32  4:59  Bunker, Marine  
  33  5:00  Marine  
  33  5:01  Marauder  
  35  5:07  Refinery, SCV, Command Center  
  35  5:16  Marine  
  32  5:22  Marauder  
  32  5:23  Marine  
  33  5:34  Marine  
  28  5:44  Marauder  
  26  6:03  Marine x2  
  28  6:05  Marauder  
  28  6:09  Bunker  
  28  6:10  Bunker  
  30  6:21  Marine  
  29  6:26  Marauder  
  29  6:27  Marine  
  30  6:39  Marine  
  31  6:44  Marine  
  32  6:48  Marauder  
  32  6:50  Orbital Command  
  32  6:51  SCV  
  35  6:57  Factory  
  35  6:58  Barracks Reactor  
  35  6:59  Concussive Shells  
  35  7:03  Barracks Tech Lab  
  35  7:09  Marauder  
  37  7:31  Marauder x2  
  37  7:33  SCV x2  
  43  7:42  Starport  
  43  7:45  SCV x2  
  43  7:49  Command Center  
  45  7:51  Marine  
  45  7:53  Factory Tech Lab, Engineering Bay  
  46  8:08  SCV  
  46  8:09  SCV  
  48  8:18  Supply Depot x2  
  48  8:21  SCV x2  
  48  8:22  Supply Depot  
  48  8:24  Missile Turret  
  50  8:27  Terran Infantry Weapons Level 1  
  50  8:33  SCV x2, Missile Turret  
  52  8:45  SCV  
  52  8:53  Marauder x2, Marine x2  
  37  9:10  Marine  
  37  9:11  Marine  
  37  9:14  Marauder x2  
  37  9:15  Siege Tank  
  45  9:21  Medivac  
  47  9:28  Marine  
  48  9:34  SCV x2  
  50  9:41  SCV  
  51  9:51  Missile Turret  
  51  10:01  Armory  
  47  10:38  Siege Tank  
  50  10:43  Refinery  
  50  10:50  SCV x3  
  50  10:51  Missile Turret  
  50  10:56  Marauder x2, Marine x2  
  59  11:01  Medivac  
  59  11:02  SCV  
  62  11:10  Siege Tank  
  65  11:14  Marine  
  65  11:17  Marauder x2  
  70  11:32  Viking  
  72  11:40  Refinery  
  72  11:41  Refinery  
  72  11:46  SCV x2  
  74  11:50  Planetary Fortress  
  74  11:58  SCV x2  
  76  12:02  Missile Turret, Medivac  
  76  12:05  Missile Turret  
  78  12:10  SCV  
  79  12:24  Missile Turret  
  64  13:02  Marauder x2, Marine x2  
  64  13:03  Siege Tank  
  63  13:19  Marine  
  53  13:23  SCV, Marauder x2  
  53  13:24  SCV x2  
  61  13:35  Siege Tank  
  61  13:36  SCV x3  
  61  13:38  Barracks, Command Center  
  61  13:40  Barracks  
  67  13:42  Barracks  
  67  13:48  SCV x2  
  69  13:51  Marauder x2, Marine x2  
  70  14:09  Marine x2  
  66  14:12  Marauder x2  
  66  14:15  Siege Tank  
  59  14:27  Marine x2  
  61  14:34  Marauder x2  
  61  14:38  SCV x3  
  67  14:42  Refinery  
  67  14:44  Marine  
  67  14:45  Refinery  
  69  14:47  Siege Tank  
  69  14:49  Sensor Tower  
  69  14:50  SCV x3  
  75  14:55  Marauder  
  75  14:57  Planetary Fortress  
  75  14:59  Barracks Tech Lab  
  77  15:00  Barracks Reactor, Barracks Tech Lab  
  77  15:02  SCV x2, Starport Reactor  
  77  15:04  Marauder, Marine x2  
  83  15:16  Marauder  
  85  15:22  Marine x2  
  87  15:29  Marauder x3  
  91  15:38  Marauder  
  91  15:40  Marine x2  
  95  15:50  Marauder, Marine x2  
  95  15:51  Marauder x2  
  95  15:52  Medivac  
  95  15:53  Medivac  
  104  15:58  Marine x2  
  104  15:59  Marauder  
  102  16:07  Marine  
  102  16:08  Marine  
  94  16:12  Marauder x3  
  94  16:16  Marine  
  84  16:20  Marine  
  84  16:21  Marauder  
  84  16:22  Missile Turret, Medivac  
  84  16:23  Missile Turret, Medivac  
  84  16:24  Missile Turret  
  84  16:25  Marine  
  87  16:26  Marine  
  87  16:30  Missile Turret  
  89  16:33  Marauder x3  
  89  16:34  Marine  
  89  16:35  Missile Turret  
  89  16:36  Missile Turret  
  89  16:38  Marine  
  96  16:41  Marine  
  96  16:43  Marine x2  
  93  16:51  Marine  
  93  16:52  Medivac  
  96  16:54  Marine x2  
  96  16:59  Missile Turret  
  96  17:03  Missile Turret  
  94  17:13  Missile Turret  
  94  17:17  SCV x3, Missile Turret  
  97  17:29  SCV x2  
  99  17:38  Missile Turret  
  99  17:39  Missile Turret  
  99  17:41  Missile Turret  
  96  17:56  Missile Turret  
  96  17:57  Marine x2, Missile Turret  
  98  17:58  Missile Turret x2  
Show
View Real Time Build Order
Export as new Build Order

qqq Zerg - Winner!

Build Orders: Hatch First, Brood Lord Corruptor 

Get SALT Encoding   

  12  0:00  Drone  
  13  0:11  Drone  
  14  0:28  Overlord  
  14  0:56  Hatchery  
  13  0:58  Drone  
  13  0:59  Drone x2  
  16  1:15  Extractor  
  15  1:18  Spawning Pool  
  15  1:24  Extractor  
  13  1:29  Drone x2  
  15  1:34  Drone  
  16  1:43  Drone  
  17  1:55  Drone  
  18  2:05  Drone  
  19  2:08  Queen  
  19  2:09  Queen  
  19  2:14  Drone  
  24  2:25  Evolution Chamber  
  24  2:27  Drone  
  24  2:28  Drone  
  25  2:32  Metabolic Boost  
  25  2:37  Zergling x2  
  25  2:40  Zergling x2  
  25  2:44  Drone  
  28  2:55  Zerg Melee Weapons Level 1  
  28  2:59  Overlord  
  28  3:08  Overlord  
  28  3:10  Overlord  
  28  3:19  Zergling x4  
  30  3:21  Drone x3  
  33  3:37  Zergling x4, Overlord  
  33  3:39  Drone x2  
  33  3:40  Drone  
  38  3:48  Zergling x2  
  39  4:01  Baneling Nest  
  34  4:03  Zergling x6  
  34  4:04  Drone  
  34  4:05  Zergling x6  
  41  4:14  Drone  
  42  4:31  Lair  
  42  4:32  Drone  
  41  4:45  Zergling x4  
  41  4:46  Zergling x8  
  41  4:47  Zergling x4  
  41  4:51  Hatchery  
  47  4:57  Baneling x2  
  47  4:58  Baneling x5  
  47  5:02  Extractor  
  47  5:03  Extractor  
  45  5:11  Zergling x4  
  45  5:12  Drone x2  
  33  5:44  Zergling x8  
  33  5:45  Drone x4  
  33  5:46  Drone  
  42  5:58  Zergling x2  
  42  6:01  Drone x3  
  42  6:02  Drone  
  47  6:05  Extractor  
  47  6:08  Spire  
  45  6:18  Zergling x6  
  48  6:19  Drone x2, Zergling x4  
  50  6:26  Zergling x2  
  50  6:27  Zergling x2  
  51  6:33  Zergling x8  
  51  6:35  Queen  
  51  6:37  Spine Crawler  
  51  6:39  Drone, Zergling x8  
  61  6:46  Infestation Pit  
  59  6:49  Zergling x2  
  59  6:50  Zergling x2  
  59  6:51  Zergling x2  
  59  6:55  Zergling x2  
  56  7:02  Zergling x2  
  56  7:03  Zergling x4  
  56  7:08  Zergling x6  
  53  7:17  Zergling x2  
  53  7:18  Zergling x2  
  53  7:19  Zergling x2  
  56  7:25  Hive  
  56  7:26  Drone  
  57  7:35  Drone x3  
  60  7:48  Zergling x2  
  60  7:49  Drone, Zergling x2  
  60  7:50  Drone  
  58  8:08  Drone, Spine Crawler  
  58  8:16  Drone x2  
  60  8:21  Drone x4  
  60  8:25  Zergling x4  
  60  8:26  Overlord  
  66  8:27  Spine Crawler  
  66  8:29  Spine Crawler x2  
  66  8:30  Baneling x6  
  66  8:31  Baneling x5  
  63  8:36  Greater Spire  
  63  8:44  Spine Crawler  
  52  9:05  Corruptor x3  
  52  9:06  Corruptor x3  
  57  9:21  Drone, Spore Crawler  
  57  9:22  Drone x2  
  57  9:23  Spore Crawler  
  55  9:35  Drone  
  55  9:36  Drone x2  
  58  9:47  Drone, Spine Crawler  
  58  9:51  Brood Lord x3  
  64  10:00  Drone x2  
  66  10:12  Overlord x3  
  66  10:26  Overlord  
  65  10:30  Drone x2  
  65  10:31  Drone x4  
  65  10:35  Brood Lord x2  
  75  10:36  Brood Lord  
  77  10:45  Corruptor  
  75  11:05  Corruptor  
  75  11:06  Corruptor  
  75  11:15  Corruptor  
  75  11:17  Drone x5  
  75  11:18  Drone  
  71  11:24  Drone  
  70  11:31  Drone x2  
  72  11:34  Spine Crawler  
  72  11:35  Spine Crawler  
  72  11:38  Drone  
  71  11:42  Drone x2  
  71  11:44  Drone  
  74  11:53  Corruptor  
  76  11:54  Corruptor  
  76  11:55  Corruptor  
  80  12:02  Drone x2  
  82  12:25  Corruptor x3  
  82  12:27  Drone x2  
  90  12:30  Overlord x4  
  90  12:44  Zerg Flyer Weapons Level 1  
  86  13:14  Corruptor  
  86  13:15  Corruptor x2  
  92  13:20  Spine Crawler, Spore Crawler  
  88  13:33  Brood Lord x2  
  88  13:42  Corruptor  
  88  13:43  Zergling x6  
  88  13:44  Drone, Zergling x6  
  88  13:45  Drone x2  
  99  13:54  Spine Crawler  
  94  13:57  Spine Crawler  
  94  14:01  Brood Lord  
  94  14:02  Drone  
  95  14:04  Extractor  
  95  14:06  Extractor  
  90  14:12  Brood Lord  
  90  14:15  Hatchery  
  83  14:38  Zerg Flyer Armor Level 1  
  82  14:53  Corruptor x3  
  82  14:55  Drone x3  
  89  15:11  Brood Lord  
  91  15:14  Drone  
  92  15:37  Corruptor x3  
  92  15:41  Drone x3  
  89  15:45  Drone x2  
  73  15:51  Viper  
  73  15:55  Drone x2  
  64  15:59  Drone x3, Spore Crawler  
  62  16:04  Spore Crawler  
  62  16:06  Hatchery  
  62  16:08  Spore Crawler  
  59  16:13  Spore Crawler  
  59  16:15  Spore Crawler  
  59  16:16  Drone  
  58  16:20  Viper  
  61  16:26  Viper  
  61  16:31  Drone x2  
  66  16:35  Drone  
  67  16:45  Drone x4  
  71  16:51  Corruptor  
  71  16:52  Corruptor  
  74  17:04  Corruptor x2  
  74  17:06  Drone  
  79  17:12  Extractor, Spine Crawler  
  79  17:13  Extractor  
  79  17:14  Drone x2  
  78  17:21  Corruptor  
  79  17:24  Corruptor  
  79  17:26  Drone  
  79  17:28  Drone  
  80  17:33  Drone x2  
  80  17:34  Drone  
  80  17:35  Drone  
  84  17:44  Corruptor  
Show
View Real Time Build Order
Export as new Build Order

Maito Terran 

Build Orders: 2 Factory 

Get SALT Encoding   

  12  0:01  SCV  
  13  0:15  Supply Depot  
  13  0:19  SCV  
  14  0:31  SCV  
  15  0:41  Barracks  
  15  0:46  SCV  
  16  0:54  Refinery  
  16  0:58  SCV  
  17  1:07  Supply Depot  
  17  1:11  SCV  
  18  1:23  SCV  
  19  1:29  Marine  
  20  1:37  Orbital Command  
  20  1:56  Command Center  
  20  2:08  Factory  
  20  2:16  SCV  
  21  2:30  Barracks Reactor  
  21  2:31  SCV  
  22  2:43  SCV  
  23  2:51  Factory  
  23  2:54  Hellion  
  23  2:57  SCV  
  26  3:00  Supply Depot  
  26  3:08  Marine x2  
  26  3:10  SCV  
  26  3:12  Orbital Command  
  29  3:22  SCV  
  30  3:35  SCV  
  30  3:37  Hellion x3  
  30  3:38  Marine  
  38  3:43  SCV, Armory  
  38  3:47  SCV  
  40  3:51  Supply Depot  
  40  3:55  Marine  
  40  3:58  Hellion  
  43  4:08  Hellion x2  
  47  4:13  Marine  
  47  4:15  Barracks  
  48  4:20  SCV, Hellion  
  51  4:29  Hellion  
  51  4:30  Hellion  
  55  4:31  Marine  
  54  4:41  Hellion  
  56  4:49  Marine  
  56  4:51  SCV, Hellion x2  
  62  4:56  Supply Depot  
  62  4:58  Supply Depot  
  62  5:12  Refinery  
  62  5:16  Starport  
  62  5:17  Marine x2  
  62  5:18  SCV x2, Hellion x2  
  66  5:25  Hellion  
  55  5:35  Marine x2  
  51  5:39  Hellion x2  
  50  5:47  Hellion  
  50  5:53  Marine x2, Medivac  
  53  5:59  Barracks  
  53  6:00  Barracks  
  53  6:07  Hellion  
  53  6:11  Marine x2  
  56  6:22  Hellion  
  54  6:28  Marine x2  
  54  6:30  Hellion  
  54  6:31  Hellion  
  49  6:44  Hellion  
  49  6:46  SCV x2, Marine x2  
  55  6:47  Medivac  
  57  6:54  Hellion  
  57  6:55  Hellion  
  57  6:57  Command Center  
  57  6:58  SCV x2  
  63  7:04  Marine x2  
  63  7:05  Hellion  
  65  7:10  SCV  
  62  7:16  Hellion x2, Marine x2  
  62  7:22  Marine x2  
  63  7:26  Hellion  
  63  7:27  SCV x2  
  66  7:31  Medivac  
  66  7:34  Marine x2  
  70  7:37  Hellion x2  
  70  7:39  SCV x2  
  70  7:40  Marine x2  
  70  7:43  Refinery  
  78  7:46  Refinery  
  78  7:47  Factory  
  78  8:08  SCV, Marine x2, Medivac  
  78  8:09  SCV, Supply Depot x2  
  86  8:13  Supply Depot  
  86  8:14  Supply Depot  
  86  8:19  Barracks Tech Lab  
  85  8:20  Barracks Tech Lab  
  85  8:21  SCV x2  
  85  8:26  Marine  
  88  8:33  SCV, Engineering Bay  
  88  8:35  Refinery, Marine  
  88  8:38  Medivac  
  91  8:44  Marine  
  86  8:50  Hellion x2, Marine  
  86  8:51  Hellion, Marauder  
  86  8:53  Marine  
  86  9:02  Marine  
  83  9:08  Medivac  
  83  9:09  Marauder  
  85  9:11  Marine  
  85  9:12  Hellion x2, Marauder  
  92  9:19  Marine  
  92  9:22  Orbital Command  
  93  9:28  Marine  
  93  9:30  Marine  
  92  9:33  Marine, Command Center  
  92  9:35  Factory Tech Lab  
  92  9:37  Marine  
  94  9:38  Medivac  
  94  9:41  Factory  
  94  9:43  Missile Turret  
  96  9:46  Marine  
  96  9:47  Refinery, Marine  
  96  9:51  Terran Infantry Armor Level 1, Marine  
  99  9:53  Factory Tech Lab  
  99  9:56  Concussive Shells  
  99  10:08  Medivac, Siege Tank  
  104  10:14  SCV x2  
  104  10:15  SCV  
  107  10:28  Siege Tank  
  110  10:29  Marine  
  110  10:30  Marauder  
  113  10:40  Siege Tank  
  113  10:41  Marauder, Marine  
  119  10:45  Stimpack  
  119  10:51  Command Center  
  109  11:00  Siege Tank  
  109  11:01  Marine  
  109  11:02  Viking  
  74  11:32  Starport, Orbital Command, Viking  
  76  11:34  Starport  
  76  11:36  Refinery  
  76  11:37  Starport, Marauder, Marine x2  
  76  11:38  Marauder  
  82  11:40  Starport  
  82  11:55  Marine, Siege Tank  
  82  11:56  Marine  
  82  11:59  Marauder x2  
  90  12:02  Viking  
  90  12:07  Missile Turret  
  90  12:08  Missile Turret  
  92  12:10  Missile Turret  
  92  12:13  Marine  
  92  12:14  Marine  
  87  12:18  Viking x2  
  87  12:20  Marine x2  
  93  12:24  Viking x2, Combat Shield  
  97  12:31  Marine  
  97  12:32  Marine  
  88  12:37  Marine  
  88  12:38  Marine  
  88  12:40  Widow Mine, Siege Tank  
  88  12:41  Viking  
  90  12:49  Marine  
  90  12:50  Marine, Viking  
  83  12:55  Marine  
  83  12:56  Marine  
  76  13:02  Viking x2  
  72  13:07  Marine  
  72  13:09  Marine  
  67  13:14  Marauder  
  65  13:20  Marine  
  65  13:25  Marine  
  59  13:38  Viking  
  56  13:42  Viking  
  56  13:43  Viking  
  56  13:46  Marine x3  
  56  13:47  Marine  
  57  13:56  SCV x5  
  60  14:04  Marine  
  60  14:05  Marine x2  
  60  14:07  Viking  
  60  14:08  SCV x4  
  66  14:12  Viking  
  66  14:13  Viking  
  66  14:15  Marine  
  71  14:22  Marine  
  61  14:38  Marine  
  60  14:40  Hellion  
  60  14:41  Hellion x2  
  60  14:42  Viking  
  48  15:12  Viking  
  37  17:25  Hellbat  
  39  17:46  Hellbat  
Show
View Real Time Build Order
Export as new Build Order

kOrYsTaurius Zerg 

Build Orders: Pool First, Zergling Baneling 

Get SALT Encoding   

  12  0:00  Drone  
  13  0:13  Overlord  
  13  0:18  Drone  
  14  0:31  Drone x2  
  14  0:35  Drone  
  17  0:44  Extractor  
  17  0:48  Spawning Pool  
  15  0:53  Drone  
  16  1:16  Hatchery  
  15  1:20  Drone  
  15  1:22  Drone  
  17  1:26  Drone  
  18  1:42  Overlord  
  18  1:46  Queen  
  20  1:50  Drone  
  21  1:57  Metabolic Boost  
  21  2:00  Drone  
  22  2:08  Zergling x2  
  23  2:17  Drone  
  23  2:18  Baneling Nest  
  23  2:25  Zergling x2  
  23  2:29  Queen  
  24  2:32  Drone  
  27  2:39  Drone  
  27  2:42  Drone  
  29  2:48  Zergling x2  
  30  2:52  Zergling x2  
  30  2:54  Zergling x4  
  30  2:57  Zergling x2  
  34  3:00  Drone  
  34  3:05  Overlord  
  35  3:10  Baneling  
  35  3:12  Zergling x2  
  36  3:23  Lair  
  36  3:25  Drone x2  
  38  3:27  Zergling x2  
  39  3:40  Zergling x4  
  41  3:41  Overlord  
  41  3:44  Baneling  
  41  3:45  Baneling  
  41  3:46  Baneling x2  
  33  4:07  Zergling x2  
  33  4:08  Zergling x14  
  41  4:10  Baneling x3  
  41  4:14  Drone, Evolution Chamber  
  41  4:15  Extractor  
  40  4:19  Drone  
  41  4:30  Overseer  
  38  4:48  Baneling x3  
  38  4:55  Drone x6  
  38  4:58  Extractor x2  
  42  5:03  Baneling  
  42  5:07  Zergling x4  
  42  5:08  Zergling x4  
  46  5:27  Hatchery  
  37  5:48  Zergling x18  
  46  5:53  Zerg Melee Weapons Level 1  
  42  6:32  Drone x3, Roach Warren  
  44  6:33  Drone  
  44  6:34  Drone x4  
  44  6:35  Zergling x2  
  44  6:36  Zergling x4  
  52  6:41  Roach Warren  
  52  6:44  Hydralisk Den  
  42  7:22  Zergling x16  
  47  7:23  Zergling x2  
  47  7:26  Glial Reconstitution  
  47  7:29  Overlord  
  50  7:30  Overlord x2  
  50  7:41  Baneling  
  50  7:42  Baneling x5  
  50  7:43  Nydus Network  
  49  7:44  Centrifical Hooks  
  49  7:47  Muscular Augments  
  47  8:00  Drone x2  
  49  8:24  Hatchery  
  48  8:34  Hatchery  
  48  8:41  Nydus Canal  
  47  8:47  Zergling x6  
  47  8:48  Zergling x30  
  57  9:34  Baneling x2  
  57  9:35  Baneling x6  
  56  9:43  Roach x6  
  56  9:44  Roach x3  
  56  9:45  Overlord  
  74  9:51  Baneling  
  74  9:52  Baneling x9  
  74  9:57  Nydus Canal  
  74  10:04  Queen  
  74  10:05  Queen  
  62  10:40  Drone x3  
  65  10:43  Drone x3  
  65  10:48  Hydralisk x3  
  65  10:49  Hydralisk x6, Grooved Spines  
  80  10:50  Zergling x2  
  80  10:51  Zergling x2  
  80  10:56  Nydus Canal  
  86  11:37  Spire  
  85  11:40  Extractor  
  85  11:41  Extractor  
  85  11:44  Drone x2  
  85  11:47  Evolution Chamber  
  85  11:49  Zerg Missile Weapons Level 1  
  85  11:52  Drone x3  
  87  11:55  Extractor  
  87  11:56  Drone x3, Extractor  
  87  11:58  Overlord x4  
  87  11:59  Overlord  
  72  12:25  Hydralisk  
  55  12:41  Hydralisk  
  55  12:42  Hydralisk x13  
  73  12:44  Zergling x2  
  73  12:45  Zergling x20  
  74  13:30  Nydus Canal  
  72  13:48  Spire  
  49  14:21  Roach x2  
  49  14:22  Roach x3  
  54  14:31  Drone x3  
  55  14:36  Spire  
  54  14:49  Spawning Pool  
  53  15:00  Corruptor x13  
  53  15:01  Corruptor x7  
  86  15:27  Mutalisk x11  
  86  15:28  Mutalisk  
  100  16:02  Mutalisk  
  100  16:03  Mutalisk x4  
  106  16:06  Overlord x6  
  106  16:15  Overlord x3  
  92  16:41  Mutalisk x3  
  92  16:42  Mutalisk  
  87  17:06  Mutalisk  
  87  17:07  Mutalisk x4  
  92  17:16  Zergling x2  
  93  17:23  Hatchery  
  92  17:33  Mutalisk x4  
  92  17:34  Mutalisk  
Tags
 
Add a new tag
Caveats
  • Supply blocks, unpowered buildings, or Contaminate may cause inaccurate times.
  • Supply counts are checked every 10 seconds.